[Event "*** Titled Tuesday Blitz"]
[Site "Chess.com"]
[Date "2020.04.28"]
[Round "4"]
[White "Misticpikachu"]
[Black "dukicz123"]
[Result "0-1"]
[WhiteElo "2303"]
[BlackElo "2489"]
[TimeControl "180+1"]
[EndTime "10:40:47 PDT"]
[Termination "dukicz123 won by checkmate"]

1. c4 g6 2. Nc3 Bg7 3. d4 Nf6 4. e4 d6 5. h3 O-O 6. Be3 e5 7. d5 Na6 8. g4 Nc5 9. f3 c6 10. Nge2 cxd5 11. cxd5 h5 12. Qd2 Nh7 13. Ng3 h4 14. Nge2 Bf6 15. Bg2 Bg5 16. O-O Bxe3+ 17.
Qxe3 Qg5 18. f4 exf4 19. Nxf4 Qe5 20. Rf2 Ng5 21. Raf1 Kg7 22. Nb5 Bd7 23. Nxd6 Qxd6 24.
Nh5+ gxh5 25. Qxg5+ Qg6 26. Qe5+ Kg8 27. Rf6 Qh7 28.
Qg5+ Qg7 29. Qxh5 Rae8 30. Qxh4 Nxe4 31. Rh6 Ng5 32. Rh5 f6 33. d6 Bc6 34. Bxc6 bxc6 35.
Rh6 Re6 36. Qh5 f5 37. Rxe6 Nxe6 38. Rxf5 Qd4+ 39. Kh2 Qxd6+ 40. Kg1 Ng7 41. Rg5 Qd1+ 42. Kg2 Qf1+ 43. Kh2 Qf2+ 44. Kh1 Qe1+ 45. Kg2 Rf2+ 46. Kg3 Re2+ 47. Kf4 Qf2# 0-1

[Event "*** Titled Tuesday Blitz"]
[Site "Chess.com"]
[Date "2020.04.28"]
[Round "4"]
[White "DinaBelenkaya"]
[Black "fabianvivasz"]
[Result "1-0"]
[WhiteElo "2199"]
[BlackElo "2393"]
[TimeControl "180+1"]
[EndTime "10:40:47 PDT"]
[Termination "DinaBelenkaya won on time"]

1. e4 e5 2. Nf3 Nc6 3. d4 exd4 4.
Nxd4 Nf6 5. Nxc6 bxc6 6. Bd3 d5 7. exd5 cxd5 8. O-O Be7 9. c4 O-O 10. Nc3 Bg4 11. Qc2 c6 12. Bg5 h6 13. Bh4 Rb8 14. b3 Re8 15. Bg3 Bd6 16. Rfe1 Bxg3 17. hxg3 Qd6 18.
Na4 Qb4 19. Kf1 Rbd8 20. a3 Qd6 21. b4 Rxe1+ 22. Rxe1 dxc4 23. Bxc4 a5 24. Nc5 axb4 25. axb4 Nd5 26. Bxd5 Qxd5 27. Qe4 Qxe4 28. Rxe4 Rd1+ 29. Re1 Rd4 30. Re8+ Kh7 31. f3 Bf5 32. Rb8 Rd2 33.
g4 Bc2 34. Rb7 Kg6 35. Rb6 f6 36. Rxc6 Bd1 37. Ne6 Rb2 38. Rb6 h5 39. Nf4+ Kg5 40. Nxh5 Be2+ 41. Kf2 1-0

[Event "*** Titled Tuesday Blitz"]
[Site "Chess.com"]
[Date "2020.04.28"]
[Round "4"]
[White "Kosche007"]
[Black "kinga2008"]
[Result "1-0"]
[WhiteElo "2305"]
[BlackElo "2101"]
[TimeControl "180+1"]
[EndTime "10:40:47 PDT"]
[Termination "Kosche007 won by checkmate"]

1. e4 g6 2. d4 Bg7 3. Nc3 d6 4. Bg5 h6 5. Bh4 c5 6. dxc5 Qa5 7. Qd2 Qxc5 8. Nd5 Be6 9. O-O-O Bxd5 10. exd5 Nf6 11. f3 Nbd7 12. Bf2 Qc7 13. Kb1 Rc8 14. Bb5 Nxd5 15. Bxd7+ Kxd7 16. Ne2 Ke8 17. Rhe1 Nb6 18. Bd4 Kf8 19. Nc3 Nc4 20. Bxg7+ Kxg7 21. Qd4+ e5 22. Qd3 Qb6 23. b3 Na3+ 24. Kb2 Nc4+ 25. Ka1 Na5 26.
Na4 Qd4+ 27. Qxd4 exd4 28. Rxd4 Rxc2 29. Rxd6 Nc6 30. Rd7 Nb4 31. a3 Nc6 32. b4 Nd8 33.
Nc5 Ne6 34. Nxe6+ Kf6 35. Nd4 Rxg2 36. Re4 Kg7 37. Ree7 Rc8 38. Rxf7+ Kg8 39. Rg7+ Kf8 40. Ne6+ Ke8 41. Rge7# 1-0

[Event "*** Titled Tuesday Blitz"]
[Site "Chess.com"]
[Date "2020.04.28"]
[Round "4"]
[White "gmgamil"]
[Black "Sychev_Klementy"]
[Result "0-1"]
[WhiteElo "2694"]
[BlackElo "2860"]
[TimeControl "180+1"]
[EndTime "10:40:48 PDT"]
[Termination "Sychev_Klementy won on time"]

1. d4 Nf6 2. Nc3 d5 3. Bg5 Nbd7 4. f3 c5 5. e4 cxd4 6. Bxf6 gxf6 7. Qxd4 dxe4 8. O-O-O Bh6+ 9. Kb1 e3 10. Bb5 a6 11.
Ba4 b5 12. Bb3 O-O 13. Nge2 e6 14. Ng3 f5 15. Nh5 Qg5 16. g4 f4 17. Ne4 Qg6 18. g5 Bg7 19. Nhf6+ Kh8 20. Qd6 Nxf6 21. gxf6 Bh6 22.
Rhg1 Qh5 23. Qe7 Qxf3 24. Ng5 Qh5 25. Rd8 Bb7 26. Rxf8+ Rxf8 27. Qxb7 Bxg5 28. Qe7 Bh6 29. c3 f3 30. Bd1 f2 31. Rf1 e2 32. Bxe2 Qxe2 33. Rc1 f1=Q 0-1

[Event "*** Titled Tuesday Blitz"]
[Site "Chess.com"]
[Date "2020.04.28"]
[Round "4"]
[White "doons21"]
[Black "dcann0n88"]
[Result "1-0"]
[WhiteElo "2622"]
[BlackElo "2390"]
[TimeControl "180+1"]
[EndTime "10:40:48 PDT"]
[Termination "doons21 won by resignation"]

1. e4 c5 2. c3 d5 3. exd5 Qxd5 4.
d4 Nf6 5. Nf3 e6 6. Bd3 cxd4 7.
cxd4 Nc6 8. O-O Be7 9. Nc3 Qd6 10. Qe2 O-O 11. Rd1 b6 12. Nb5 Qd8 13. Bg5 Bb7 14. Rac1 Rc8 15. Bb1 Nd5 16. Qe4 g6 17. Qh4 a6 18. Nc3 Nxc3 19. Rxc3 Rc7 20. Qh6 Qd7 21. Rcd3 f6 22. Bc1 Nb4 23. Re3 Rf7 24. a3 Nd5 25. Ree1 Bf8 26. Qh4 Ne7 27. Bf4 Rc8 28. Qg3 Nf5 29.
Qh3 Bd5 30. g4 Ng7 31. Qg3 Qc6 32. Nd2 Rd7 33. Be4 Bd6 34. Bxd5 Qxd5 35. Ne4 Bxf4 36.
Nxf6+ Kf7 37. Qxf4 Qd6 38. Qf3 Qc6 39. d5 exd5 40.
Nxd7+ Kg8 41. Ne5 Qf6 42. Qxf6 1-0

[Event "*** Titled Tuesday Blitz"]
[Site "Chess.com"]
[Date "2020.04.28"]
[Round "4"]
[White "WiktoriaPOL"]
[Black "MilanJeremic"]
[Result "0-1"]
[WhiteElo "2033"]
[BlackElo "2241"]
[TimeControl "180+1"]
[EndTime "10:40:48 PDT"]
[Termination "MilanJeremic won on time"]

1. c4 c5 2. Nf3 Nc6 3. Nc3 Nf6 4. g3 d6 5. Bg2 g6 6. d4 cxd4 7. Nxd4 Bd7 8. O-O Bg7 9. Be3 O-O 10. Qd2 Rc8 11. b3 Nxd4 12. Bxd4 Bc6 13. Rac1 Bxg2 14.
Kxg2 a6 15. Na4 Rc6 16. h4 Qc8 17. Nb6 Rxb6 18. Bxb6 Qc6+ 19. f3 Qxb6 20. e4 Qc6 21. Rfd1 h5 22. Qe3 Kh7 23. e5 Ng4 24. Qe2 Nxe5 25.
Rd2 Bh6 26. Rcd1 Bxd2 27. Rxd2 b5 28. cxb5 axb5 29. Rc2 Qb7 30. Kf2 Rc8 31. Rxc8 Qxc8 32. Qxb5 Qh3 33. Qe2 Qh2+ 34. Ke3 Qxg3 35. b4 Qxh4 36.
b5 Qa4 37. b6 Nc4+ 38. Kf2 Nxb6 39. Qxe7 Qd4+ 40. Kg3 Kg7 41. f4 Nc4 42. a4 Ne3 43. Qe8 Nf5+ 44. Kf3 Qd3+ 45. Kf2 h4 46. a5 Qg3+ 47. Ke2 Qxf4 48. a6 Qc4+ 49. Kf2 Qxa6 50. Qe4 Qa2+ 0-1

[Event "*** Titled Tuesday Blitz"]
[Site "Chess.com"]
[Date "2020.04.28"]
[Round "4"]
[White "tigra"]
[Black "talman67"]
[Result "1-0"]
[WhiteElo "2779"]
[BlackElo "2567"]
[TimeControl "180+1"]
[EndTime "10:40:49 PDT"]
[Termination "tigra won on time"]

1. e4 e5 2. Nf3 Nc6 3. Bc4 Bc5 4. d3 Nf6 5. c3 d6 6. Nbd2 a5 7. O-O O-O 8. h3 Be6 9. Bb5 Qb8 10. a4 Qa7 11. b3 h6 12. Ra2 Bb6 13. Nc4 Bxc4 14. Bxc4 Ne7 15. Nh4 c6 16. Qf3 d5 17. exd5 cxd5 18.
Bb5 e4 19. dxe4 Nxe4 20. c4 Ng6 21. cxd5 Nxf2 22. Nf5 Nxh3+ 23. Kh1 Ng5 24. Bxg5 hxg5 25. d6 Bc5 26. Re2 Rad8 27. Ne7+ Nxe7 28. dxe7 Bxe7 29. Rxe7 Rd4 30. Re4 Rxe4 31. Qxe4 Rd8 32. Bc4 Rd6 33. g3 Rh6+ 34. Kg2 Kh8 35. Qe8+ Kh7 36. Bxf7 1-0

[Event "*** Titled Tuesday Blitz"]
[Site "Chess.com"]
[Date "2020.04.28"]
[Round "4"]
[White "RaphaeI"]
[Black "Irishchessman16"]
[Result "0-1"]
[WhiteElo "2627"]
[BlackElo "2433"]
[TimeControl "180+1"]
[EndTime "10:40:49 PDT"]
[Termination "Irishchessman16 won on time"]

1. Nf3 c5 2. c4 Nc6 3. Nc3 e5 4. e3 Nf6 5. d4 e4 6. d5 exf3 7. dxc6 bxc6 8. e4 d6 9. Qxf3 Bg4 10. Qg3 h5 11. f3 h4 12. Qf2 Be6 13. Bg5 Be7 14. Be3 Nd7 15. Rd1 Qa5 16. h3 Ne5 17. Bd2 Bxc4 18. Nd5 Qd8 19. Nxe7 Bxf1 20. Qxf1 Qxe7 21. Bc3 O-O 22. Kf2 f5 23. exf5 Rxf5 24. Qe2 Qf7 25. Rhe1 Nc4 26. b3 Nb6 27. Rxd6 Nd5 28.
Ba1 Rf8 29. Rxc6 Qd7 30. Qe6+ Qxe6 31. Rcxe6 Nb4 32. Re7 Rg5 33. R1e3 Nc2 34. Bc3 Nxe3 35. Rxe3 c4 36. bxc4 Rc8 37. Re4 Rgc5 38. Rg4 R8c7 39. Rxh4 Rxc4 40. Bd4 Ra4 41. Kg3 Rcc4 0-1

[Event "*** Titled Tuesday Blitz"]
[Site "Chess.com"]
[Date "2020.04.28"]
[Round "4"]
[White "Mazanchenko_Dmitry"]
[Black "grunbergmihai"]
[Result "0-1"]
[WhiteElo "2126"]
[BlackElo "2410"]
[TimeControl "180+1"]
[EndTime "10:40:49 PDT"]
[Termination "grunbergmihai won on time"]

1. e4 c5 2. Ne2 Nc6 3. Nbc3 e6 4.
d4 cxd4 5. Nxd4 a6 6. Be3 Bb4 7.
Bd3 Nf6 8. O-O O-O 9. a3 Bxc3 10.
bxc3 d5 11. Bg5 h6 12. Bh4 g5 13. Nxc6 bxc6 14. e5 gxh4 15. exf6 Qxf6 16. f4 Kh8 17. Qh5 c5 18. f5 e5 19. c4 e4 20. Be2 d4 21. Rf4 Qg5 22. Rxh4 Qxh5 23. Rxh5 Kg7 24. f6+ Kxf6 25. Rxc5 Be6 26. Rf1+ Kg7 27. Bh5 Rac8 28. Re5 e3 29. Rf4 Rxc4 30. Ree4 Rd8 31. h4 a5 32. c3 Rxc3 33. Rxd4 Rxd4 34. Rxd4 Rxa3 35. Re4 Kf6 36. Kh2 Kf5 37. Rd4 Ke5 38. Rd8 f5 39. g3 Ra2+ 40. Kg1 a4 41. Re8 Kf6 42. g4 fxg4 43. Kf1 g3 44. Bf3 Rf2+ 0-1

[Event "*** Titled Tuesday Blitz"]
[Site "Chess.com"]
[Date "2020.04.28"]
[Round "4"]
[White "RitvarsReimanis"]
[Black "Khamrakulov_Djurabek"]
[Result "0-1"]
[WhiteElo "2597"]
[BlackElo "2822"]
[TimeControl "180+1"]
[EndTime "10:40:50 PDT"]
[Termination "Khamrakulov_Djurabek won by checkmate"]

1. d4 Nf6 2. c4 e6 3. Nf3 c5 4. d5 b5 5. cxb5 Nxd5 6. e4 Nf6 7. Nc3 Bb7 8. Bd3 a6 9. bxa6 Nxa6 10. Bg5 Be7 11. O-O O-O 12. Rc1 h6 13. Bxf6 Bxf6 14. e5 Bg5 15. Rb1 Nb4 16. Be4 Nc6 17. Nxg5 hxg5 18.
Qh5 g6 19. Bxg6 fxg6 20. Qxg6+ Kh8 21. Rbe1 Rf4 22. g3 Rf5 23. Qh6+ Kg8 24. Qg6+ Kh8 25. Qh6+ Kg8 26. Qg6+ Kf8 27. Qh6+ Kf7 28. Ne4 Qh8 29. Nd6+ Ke7 30. Nxf5+ exf5 31. Qd6+ Kd8 32. e6 Qg7 33. exd7 Qxd7 34. Qf6+ Kc7 35. Rd1 Nd4 36. Qe5+ Qd6 37. Qg7+ Kb6 38. f3 Nxf3+ 39. Kf2 Nd4 40. Qxg5 Rxa2 41.
Rd2 Qc6 42. Qf4 Qg2+ 43. Ke1 Ra1+ 44. Rd1 Qe2# 0-1

[Event "*** Titled Tuesday Blitz"]
[Site "Chess.com"]
[Date "2020.04.28"]
[Round "4"]
[White "CSB7"]
[Black "Nikolakis2014"]
[Result "0-1"]
[WhiteElo "2498"]
[BlackElo "2713"]
[TimeControl "180+1"]
[EndTime "10:40:50 PDT"]
[Termination "Nikolakis2014 won by resignation"]

1. e4 c5 2. Nf3 Nc6 3. Nc3 e5 4. Bc4 h6 5. d3 d6 6. Nd2 g6 7. Nf1 Bg7 8. Ne3 Nf6 9. a3 O-O 10. O-O Be6 11. Ned5 Kh7 12. Rb1 Nd4 13. Be3 Rc8 14. Nxf6+ Bxf6 15. Nd5 b5 16. Ba2 Bg7 17. c3 Nc6 18. b4 cxb4 19. axb4 Ne7 20. Nxe7 Qxe7 21. Bxe6 Qxe6 22. Qb3 Qd7 23. Ra1 Rc7 24.
Ra3 f5 25. f3 Rd8 26. Rfa1 d5 27. Rxa7 d4 28. Rxc7 Qxc7 29. cxd4 exd4 30. Bf2 Be5 31.
g3 fxe4 32. fxe4 Rf8 33. Qb2 Qd7 34. Rc1 Qg4 35. Bxd4 Bb8 36. Bf2 h5 37. d4 h4 38.
Qc3 hxg3 39. hxg3 Rf3 40. Qe1 Bxg3 41. Bxg3 Rxg3+ 42. Kf1 Rf3+ 43. Ke2 Qg2+ 44. Kd1 Rd3+ 0-1

[Event "*** Titled Tuesday Blitz"]
[Site "Chess.com"]
[Date "2020.04.28"]
[Round "4"]
[White "aspired"]
[Black "Msb2"]
[Result "0-1"]
[WhiteElo "2737"]
[BlackElo "3017"]
[TimeControl "180+1"]
[EndTime "10:40:51 PDT"]
[Termination "Msb2 won by resignation"]

1. e4 e6 2. d4 d5 3. exd5 exd5 4.
Nf3 Bf5 5. Bd3 Ne7 6. Bxf5 Nxf5 7. Qd3 Nd6 8. O-O Be7 9. Nc3 c6 10. Re1 O-O 11. Bf4 Na6 12. Re2 Nc7 13. Rae1 Ne6 14. Bc1 Bf6 15. Ne5 Qc7 16. g3 Rae8 17. Kg2 a6 18.
Ng4 Bd8 19. b3 Qb6 20. Ba3 Bc7 21. Bxd6 Bxd6 22. Na4 Qb5 23. Qd1 Re7 24. Ne5 Rfe8 25. c3 f6 26. Nd3 Qa5 27. Qc2 Qc7 28. Re3 Ng5 29. Rxe7 Rxe7 30. h4 Rxe1 31. Nxe1 Ne4 32. Nf3 Bxg3 33. Nd2 Nxf2 34. Qf5 Bxh4 35. Nf3 Qg3+ 36.
Kf1 Ne4 37. Qc8+ Kf7 38. Qd7+ Kg6 39. Nxh4+ Qxh4 40. Qe8+ Kh6 0-1

[Event "*** Titled Tuesday Blitz"]
[Site "Chess.com"]
[Date "2020.04.28"]
[Round "4"]
[White "Grootneus"]
[Black "ZEN-22"]
[Result "0-1"]
[WhiteElo "2191"]
[BlackElo "2492"]
[TimeControl "180+1"]
[EndTime "10:40:51 PDT"]
[Termination "ZEN-22 won on time"]

1. e4 d5 2. exd5 c6 3. dxc6 Nxc6 4. Bb5 Qd5 5. Bxc6+ Qxc6 6. Nf3 Qe4+ 7. Qe2 Qxc2 8. Na3 Qc6 9. O-O a6 10. d4 e6 11. Ne5 Qd5 12. Nac4 Qd8 13. Qh5 g6 14. Qf3 Nf6 15. Bg5 Bg7 16. Bxf6 Bxf6 17. Nd6+ Qxd6 18.
Qxf6 O-O 19. Rad1 Qd8 20. Qf4 f6 21. Nf3 Bd7 22. d5 e5 23. Qc4 Bb5 24. Qb3 Bxf1 25.
Kxf1 Rf7 26. Nd2 Rc8 27. Ne4 f5 28. Nc3 b5 29. a4 Rc5 30. axb5 axb5 31. d6 Qd7 32.
Qb4 Rc4 33. Qxb5 Qxb5 34. Nxb5 Rd7 35. Nc3 Rc6 36. Nd5 Kf7 37. Ne7 Rcxd6 38. Rxd6 Rxd6 39. Nc8 Rc6 40. Na7 Rb6 41. g3 Ke6 42. b4 Rxb4 43.
Nc6 Rb2 44. Na5 Rb4 45. Nc6 Rc4 46. Na5 Rc3 47. Nb7 Kd5 48. Nd8 Rc7 0-1

[Event "*** Titled Tuesday Blitz"]
[Site "Chess.com"]
[Date "2020.04.28"]
[Round "4"]
[White "pma83"]
[Black "Oligan22"]
[Result "1-0"]
[WhiteElo "2240"]
[BlackElo "2415"]
[TimeControl "180+1"]
[EndTime "10:40:51 PDT"]
[Termination "pma83 won on time"]

1. d4 d5 2. c4 dxc4 3. Nf3 a6 4.
a4 Nf6 5. Nc3 Nc6 6. e3 Na5 7. Ne5 Be6 8. Qf3 g6 9. Be2 Bg7 10. O-O O-O 11. Rd1 c6 12. e4 Nb3 13.
Rb1 Nxd4 14. Qe3 Nxe2+ 15. Qxe2 Qc7 16. Nxc4 Ng4 17. g3 b5 18. Bf4 Qa7 19. Ne3 Ne5 20.
b4 Nc4 21. Nxc4 Bxc4 22. Qf3 Bd4 23. Ne2 Bg7 24. Be3 Qc7 25. Bc5 a5 26. axb5 cxb5 27. Nf4 axb4 28. Bxb4 Ra2 29. Nd5 Bxd5 30. exd5 Qb6 31.
Bxe7 Rc8 32. d6 Bd4 33. d7 Rb8 34. d8=Q+ Rxd8 35. Bxd8 1-0

[Event "*** Titled Tuesday Blitz"]
[Site "Chess.com"]
[Date "2020.04.28"]
[Round "4"]
[White "Kingsman132"]
[Black "ChessMavenYeti"]
[Result "0-1"]
[WhiteElo "2414"]
[BlackElo "2185"]
[TimeControl "180+1"]
[EndTime "10:40:51 PDT"]
[Termination "ChessMavenYeti won on time"]

1. d4 e6 2. c4 Nf6 3. Nc3 Bb4 4. Qc2 d5 5. cxd5 Qxd5 6. Nf3 Qf5 7. Qb3 a5 8. e3 Qg6 9. a3 Bd6 10. Nb5 Nc6 11. Nxd6+ cxd6 12. Bd2 a4 13. Qd3 Ne4 14. Rc1 d5 15. Qc2 O-O 16. h4 h6 17. h5 Qf6 18. Bd3 Nxd2 19. Qxd2 Bd7 20. O-O e5 21.
dxe5 Nxe5 22. Nxe5 Qxe5 23. Be2 Bc6 24. Bf3 Ra6 25.
Rfd1 Rb6 26. Qd4 Qxd4 27. Rxd4 Rxb2 28. Bxd5 Bxd5 29. Rxd5 Rb3 30. Ra1 Rc8 31. Ra5 b5 32. Kf1 Rc2 33. Ra8+ Kh7 34. Rb8 Rbb2 35. Rd1 Rxf2+ 36.
Kg1 Rxg2+ 37. Kf1 Rbf2+ 38. Ke1 Ra2 39. Kf1 Rh2 40. Kg1 Rag2+ 41. Kf1 Rd2 42. Rxd2 Rxd2 43.
Rxb5 Rd3 44. Rb7 Rxe3 45. Rxf7 Rxa3 46. Ra7 Ra2 47. Ra5 g5 48. hxg6+ Kxg6 49. Ke1 h5 50. Kf1 h4 51. Kg1 a3 52. Kh1 Kf6 53. Kg1 h3 54.
Kh1 Ke6 55. Kg1 Kd6 56. Kh1 Kc6 57. Kg1 Kb6 58. Ra4 Kb5 0-1

[Event "*** Titled Tuesday Blitz"]
[Site "Chess.com"]
[Date "2020.04.28"]
[Round "4"]
[White "dvella"]
[Black "hazy13"]
[Result "0-1"]
[WhiteElo "1802"]
[BlackElo "2199"]
[TimeControl "180+1"]
[EndTime "10:40:52 PDT"]
[Termination "hazy13 won by checkmate"]

1. e4 c5 2. Nf3 g6 3. Bc4 Nc6 4. c3 e6 5. O-O Bg7 6. d4 cxd4 7.
Nxd4 Nge7 8. Bg5 Nxd4 9. cxd4 h6 10. Bh4 g5 11. Bg3 d6 12. Nc3 a6 13. e5 d5 14.
Bb3 Bd7 15. f4 Nf5 16. Be1 Ne3 17. Qh5 Nxf1 18. Kxf1 gxf4 19. Bh4 Qb6 20. Rd1 Bb5+ 21. Kg1 Rc8 22. Kh1 Bc4 23. Ba4+ Kf8 24. Bf6 Qxb2 25.
Qg4 Rg8 26. Qf3 Bxa2 27. Bd7 Rxc3 28. Qxf4 Rc2 29. Rg1 Bc4 30. Bxe6 fxe6 31. Bg5+ Ke8 32. Bxh6 Rf2 33. Qh4 Bxh6 34. Qh5+ Kd7 35. Qf7+ Kc6 36.
Qxg8 Be3 37. Qe8+ Kb6 38. Qd8+ Kb5 39. Qd7+ Kb4 40. Qxb7+ Kc3 41. Qc6 Rc2 42. Qxe6 Bxg1 43. Qh3+ Kb4 44. Kxg1 Rc1# 0-1

[Event "*** Titled Tuesday Blitz"]
[Site "Chess.com"]
[Date "2020.04.28"]
[Round "4"]
[White "Aleksandar-Topalov"]
[Black "Chuchofrio1"]
[Result "1-0"]
[WhiteElo "2501"]
[BlackElo "2221"]
[TimeControl "180+1"]
[EndTime "10:40:53 PDT"]
[Termination "Aleksandar-Topalov won by resignation"]

1. b3 f5 2. Bb2 Nf6 3. Bxf6 exf6 4. c4 g6 5. Nc3 Bg7 6. e3 d6 7. Nge2 O-O 8. g3 Nc6 9. d4 Bd7 10. Bg2 Qe8 11. O-O h6 12. Nd5 Rc8 13. b4 b6 14. a4 Ne7 15. b5 Be6 16. Qd3 Nxd5 17. cxd5 Bf7 18. Rfc1 Qd7 19. Rc6 Rfe8 20. Rac1 Re7 21.
Qb3 g5 22. Qc2 Bg6 23. Qd2 Kh7 24. a5 Ree8 25. Qc3 Re7 26. axb6 axb6 27. Rxb6 cxb6 28. Qxc8 Qxb5 29. Nc3 Qa5 30. Qc6 Qa3 31. Nb5 Qa5 32. Nxd6 f4 33. e4 fxg3 34. hxg3 Qd2 35. Qc3 Qa2 36.
Qf3 Qd2 37. Rd1 Qb4 38. Nf5 Rd7 39. e5 fxe5 40. Nxg7 Kxg7 41. dxe5 Qc5 42. Qf6+ Kh7 43. e6 Re7 44. d6 Re8 45. d7 Rf8 46. d8=Q Rxf6 47.
Qxf6 Qc2 48. Rd7+ 1-0

[Event "*** Titled Tuesday Blitz"]
[Site "Chess.com"]
[Date "2020.04.28"]
[Round "4"]
[White "slowdgehammer"]
[Black "MarcoRiehle"]
[Result "0-1"]
[WhiteElo "2348"]
[BlackElo "2579"]
[TimeControl "180+1"]
[EndTime "10:40:53 PDT"]
[Termination "MarcoRiehle won on time"]

1. e4 e5 2. Bc4 Nf6 3. d3 Nc6 4. Nc3 Bc5 5. f4 d6 6. Nf3 Bg4 7. Na4 Nd4 8. fxe5 Bxf3 9. gxf3 Nxe4 10. h4 Ng3 11. Rh3 Nde2 12. Nxc5 dxc5 13. Kf2 Qd4+ 14. Be3 Qxe5 15. Qd2 O-O-O 16. Rb1 Rhe8 17. f4 Qf5 18. Rxg3 Nxg3 19. Kxg3 Rd6 20. Qf2 Rg6+ 21. Kh2 Rg4 22. Rg1 Rxg1 23. Qxg1 Qh5 24. Qg3 Qe2+ 25. Bf2 Qf1 26.
Bxf7 Re2 27. Qh3+ Qxh3+ 28. Kxh3 Rxf2 29. Kg3 Rxc2 30. b3 Rxa2 31. h5 h6 32. Kg4 Kd8 33.
Kf5 Ke7 34. Bd5 b6 35. Bc4 a5 36. Kg6 Kf8 37. Kf5 Rh2 38. Ke6 Rxh5 39. Kd7 Rf5 40. Kxc7 Rf6 41. Bd5 h5 42. Be4 h4 43.
f5 h3 44. Kd7 h2 45. Kc7 Rh6 46. Bh1 Ke7 47. Kb7 Rd6 48. Be4 Rxd3 0-1

[Event "*** Titled Tuesday Blitz"]
[Site "Chess.com"]
[Date "2020.04.28"]
[Round "4"]
[White "DaggiGretarsson"]
[Black "MusicCityMaster"]
[Result "1/2-1/2"]
[WhiteElo "2441"]
[BlackElo "2257"]
[TimeControl "180+1"]
[EndTime "10:40:53 PDT"]
[Termination "Game drawn - insufficient material"]

1. d4 Nf6 2. c4 c5 3. d5 b5 4. cxb5 a6 5. bxa6 g6 6. Nc3 Bxa6 7. e4 Bxf1 8. Kxf1 d6 9. Nf3 Bg7 10. g3 O-O 11. Kg2 Qb6 12. a4 Na6 13. Ra3 Nb4 14.
Qe2 Qb7 15. Rd1 Ra6 16. h3 e6 17. dxe6 fxe6 18. Bf4 d5 19. exd5 Nfxd5 20. Nxd5 exd5 21.
Qb5 Qxb5 22. axb5 Rb6 23. Rb3 d4 24. Bd2 Rxb5 25. Bxb4 Rfb8 26. Rc1 Bf8 27. Rc4 Rxb4 28. Rbxb4 Rxb4 29. Rxb4 cxb4 30. b3 d3 31. Nd2 Bg7 32. Kf3 Bd4 33. Nf1 Kf7 34. Ke4 Bxf2 35. Kxd3 Ke6 36. Kc4 Be1 37. g4 Ke5 38. Ne3 Ke4 39.
Nc2 Bd2 40. Nxb4 Kf3 41. Nd5 Kg3 42. Nf6 Kxh3 43. Nxh7 Kxg4 44. b4 Bxb4 45. Kxb4 Kf5 46. Kc4 g5 47. Nxg5 1/2-1/2

[Event "*** Titled Tuesday Blitz"]
[Site "Chess.com"]
[Date "2020.04.28"]
[Round "4"]
[White "abhidabhi"]
[Black "Benjoneliere44"]
[Result "1-0"]
[WhiteElo "2754"]
[BlackElo "2508"]
[TimeControl "180+1"]
[EndTime "10:40:55 PDT"]
[Termination "abhidabhi won by resignation"]

1. Nf3 c5 2. c4 d6 3. g3 g6 4. Bg2 Bg7 5. Nc3 Nf6 6. d3 O-O 7. O-O Nc6 8. Rb1 Qd7 9. a3 b6 10. Bd2 Bb7 11. e3 e5 12. Qe2 Rfe8 13. Nd5 Nxd5 14.
cxd5 Ne7 15. e4 a5 16. Bc3 h6 17. Nd2 f5 18. Nc4 Qc7 19. a4 Ba6 20. b3 Kh7 21.
Qb2 fxe4 22. dxe4 Rab8 23. f4 Bxc4 24. bxc4 Ng8 25. f5 gxf5 26. Rxf5 Rf8 27. Bh3 Rxf5 28.
Bxf5+ Kh8 29. Bxa5 Ne7 30. Bxb6 Qb7 31. a5 Nxf5 32. exf5 Qd7 33. Rf1 Qa4 34. f6 Bf8 35. Qc3 Qa2 36. Qd3 Rb7 37. f7 Kg7 38. Qf5 Qxc4 39.
Bd8 Qd4+ 40. Kg2 Rb2+ 41. Kh3 Rxh2+ 42. Kxh2 Qd2+ 43. Kh3 Qd3 44. Qxd3 e4 1-0

[Event "*** Titled Tuesday Blitz"]
[Site "Chess.com"]
[Date "2020.04.28"]
[Round "4"]
[White "csati17"]
[Black "atwalcb"]
[Result "1-0"]
[WhiteElo "2464"]
[BlackElo "2270"]
[TimeControl "180+1"]
[EndTime "10:40:55 PDT"]
[Termination "csati17 won by resignation"]

1. c4 e5 2. g3 f5 3. d4 e4 4. Bg2 Nf6 5. Nc3 Be7 6. Nh3 O-O 7. O-O d6 8. f3 exf3 9. Bxf3 c6 10. Nf4 Na6 11.
b3 Nc7 12. Ba3 g5 13. Nd3 Ne6 14. d5 Ng7 15. dxc6 bxc6 16. Kh1 Bd7 17. Qd2 h6 18. Rad1 Kh7 19. e4 fxe4 20. Nxe4 Nxe4 21. Bxe4+ Kh8 22. Rxf8+ Qxf8 23. Bg2 Rd8 24. Rf1 Qg8 25. Bb2 Rf8 26. Qe3 Rxf1+ 27. Bxf1 Qf7 28. Bg2 Bf6 29. Qf2 Ne8 30.
c5 Kg7 31. cxd6 Bxb2 32. Qxb2+ Qf6 33. Qxf6+ Kxf6 34. Nc5 Bf5 35. d7 Bxd7 36. Nxd7+ Ke6 37. Nc5+ Kd6 38. Nd3 c5 39. Kg1 Nf6 40. Kh1 Ng4 41. Kg1 Ne3 42. Kf2 Ng4+ 43. Kg1 Ne3 44. Bf3 Nc2 45.
Kf2 Nd4 46. h4 gxh4 47. gxh4 Nf5 48. h5 Nd4 49. Be4 Nc2 50. Nxc5 Kxc5 51. Bxc2 Kb4 1-0

[Event "*** Titled Tuesday Blitz"]
[Site "Chess.com"]
[Date "2020.04.28"]
[Round "4"]
[White "Raffael89"]
[Black "plumalka"]
[Result "0-1"]
[WhiteElo "2235"]
[BlackElo "2438"]
[TimeControl "180+1"]
[EndTime "10:40:56 PDT"]
[Termination "plumalka won by resignation"]

1. d4 Nf6 2. Bf4 g6 3. Nc3 Bg7 4. e3 O-O 5. h4 d5 6. h5 Nxh5 7. Rxh5 gxh5 8. Qxh5 f5 9. O-O-O Be6 10. Nf3 Qe8 11. Qh2 Qg6 12. Bd3 Na6 13. Rh1 Nb4 14.
Ng5 Nxd3+ 15. cxd3 h6 16. Nxe6 Qxe6 17. Bxh6 Bxh6 18. Qxh6 Qxh6 19. Rxh6 c6 20. Ne2 Kg7 21. Rh1 Rh8 22. Rg1 Kf6 23. Kd2 Rag8 24. Nf4 e6 25. b4 Ke7 26. a4 Kd6 27. Rc1 a5 28. b5 cxb5 29. axb5 Rc8 30. Rb1 b6 31. Ng6 Rhg8 32. Nf4 Rg7 33. g3 Rgc7 34. Rb2 Rc1 35. Ng6 Rf1 36. Ke2 Rcc1 37. Ne5 Rce1+ 38. Kf3 a4 39. Rc2 Rc1 40. Ra2 Ra1 41. Rb2 a3 42. Rb4 Rfb1 43. Ra4 Kc7 44. Ra7+ Kb8 45. Nc6+ Kc8 46.
Ra8+ Kd7 47. Ra7+ Ke8 48. Re7+ Kf8 49. Rxe6 a2 50. Rf6+ Kg7 51. Rxf5 Rxb5 52. Nd8 Rh1 53. Ne6+ Kh8 54. Rf8+ Kh7 55. Rf7+ Kg6 56. Rg7+ Kf6 57. Ra7 a1=Q 58. Rxa1 Rxa1 59. Nc7 Rbb1 60. Nxd5+ Ke6 61. Nf4+ Ke7 62. Ke4 b5 63. f3 b4 64. Nd5+ Kd6 65. g4 b3 66. Nc3 Rc1 67. Nb5+ Kc6 0-1

[Event "*** Titled Tuesday Blitz"]
[Site "Chess.com"]
[Date "2020.04.28"]
[Round "4"]
[White "AlanZhang"]
[Black "MFguimaraes"]
[Result "0-1"]
[WhiteElo "2153"]
[BlackElo "2405"]
[TimeControl "180+1"]
[EndTime "10:40:56 PDT"]
[Termination "MFguimaraes won on time"]

1. e4 e5 2. Nf3 Nc6 3. Bb5 Nf6 4.
d3 Bc5 5. c3 O-O 6. Bxc6 bxc6 7. Nxe5 d5 8. d4 Qe8 9. exd5 cxd5 10. O-O Bb6 11. Bf4 Ne4 12. Nd2 f6 13. Nd3 Ba6 14.
Qf3 Qg6 15. Rfd1 Nxc3 16. bxc3 Bxd3 17. Qxd5+ Kh8 18. Re1 Rad8 19. Qc6 Qf5 20. Bg3 Bb5 21. Qf3 Qxf3 22. Nxf3 c5 23. Rad1 Bc4 24. dxc5 Bxc5 25. Rxd8 Rxd8 26. Bc7 Rc8 27. Ba5 Bxa2 28. Nd4 Kg8 29. g3 Bd5 30. h3 Kf7 31. Rb1 h5 32. Bb4 Bb6 33. Nf5 Rc7 34. Nd6+ Kg6 35. Ra1 h4 36.
Kf1 Be6 37. g4 Bd5 38. f4 Re7 39. f5+ Kh7 40. Nc8 Re3 41. Nxb6 axb6 42. Kf2 Rxh3 43. Ra6 Rh2+ 44. Kg1 Rg2+ 45. Kf1 h3 46. Rxb6 h2 0-1

[Event "*** Titled Tuesday Blitz"]
[Site "Chess.com"]
[Date "2020.04.28"]
[Round "4"]
[White "harkerchess"]
[Black "tonyq11"]
[Result "1/2-1/2"]
[WhiteElo "2007"]
[BlackElo "2221"]
[TimeControl "180+1"]
[EndTime "10:40:56 PDT"]
[Termination "Game drawn - insufficient material"]

1. d4 d5 2. c4 e6 3. Nc3 Nf6 4. cxd5 Nxd5 5. e4 Nxc3 6. bxc3 c5 7. Be3 cxd4 8. cxd4 Bb4+ 9. Bd2 Bxd2+ 10. Qxd2 O-O 11. Nf3 b6 12. Rc1 Bb7 13. Bd3 Nd7 14. O-O Rc8 15.
Rxc8 Qxc8 16. Rc1 Qa8 17. Qe3 Nf6 18. e5 Nd5 19. Qe4 g6 20. Qe2 Rc8 21. Qd2 Kg7 22.
Be4 Bc6 23. Rc2 Bb7 24. Rxc8 Qxc8 25. Qc2 Qxc2 26. Bxc2 Nb4 27. Bb3 Bd5 28. Kf1 Nxa2 29. Bxd5 exd5 30. Ke2 Nc3+ 31. Kd3 Nb5 32. Kc2 Kf8 33.
Kb3 a6 34. Kc2 Ke7 35. Kd3 h6 36. Nd2 Ke6 37. g4 h5 38. h3 hxg4 39. hxg4 a5 40. Nf3 a4 41. Kc2 Nc7 42. Kc3 Na6 43. Kb2 b5 44. Ka3 Kd7 45. Ng5 Ke7 46. Nf3 Nb8 47. Kb4 Nc6+ 48. Ka3 Ke6 49. Ng5+ Ke7 50. Nf3 Kd7 51.
Ng5 Nd8 52. Kb4 Nc6+ 53. Ka3 Nxd4 54. Nxf7 Ke6 55. Nh8 Kxe5 56. Nxg6+ Kf6 57. Nf4 Ke5 58.
Nd3+ Ke4 59. Nb4 Kf4 60. Nxd5+ Kxg4 61. Nc7 Nc2+ 62. Kb2 Nd4 63. Ka3 Kf3 64. Nxb5 Nxb5+ 65. Kxa4 Nd4 66. Kb4 Nc2+ 67. Kc3 Kxf2 1/2-1/2